Construct Section Command Post
Selects Indian Artillery Battlegroup
Construct Field Infirmary
Selects Towed ML 4.2-inch Heavy Mortar
Towed ML 4.2-inch Heavy Mortar
Construct Platoon Command Post
Unlock M3 Stuart Light Tanks
Selects Gurkha Rifles Section
Selects Volunteer Infantry
6-pounder Anti-tank Gun Team
Construct Company Command Post
Selects Off-map Airburst Barrage
Selects Perimeter Monitor